[Event "Titled Tuesday Blitz December 13 Late 2022"]
[White "Ansh M Shah"]
[Black "Souleidis, Georgios"]
[WhiteFideId "25033379"]
[BlackFideId "4206827"]
[WhiteElo "2415"]
[BlackElo "2642"]
[Result "1/2-1/2"]
[Round "03"]
[TimeControl "180+1"]
[Date "2022.12.14"]
[WhiteClock "0:00:15"]
[BlackClock "0:00:03"]

1. d4 Nf6 2. c4 g6 3. h4 c5 4. d5 Bg7 5. Nc3 d6 6. e4 O-O 7. Be2 e6 8. h5 exd5 9. exd5 Re8 10. Kf1 Nbd7 11. h6 Bh8 12. Nf3 Ne5 13. Nxe5 Rxe5 14. Bf4 Re8 15. Bf3 a6 16. a4 b6 17. g3 Bf5 18. Kg2 Ne4 19. Nxe4 Bxe4 20. Bxe4 Rxe4 21. Qc2 Re8 22. Rhe1 Qd7 23. Rxe8+ Rxe8 24. Ra3 Bd4 25. Rf3 f6 26. Qb3 g5 27. Be3 Be5 28. Bd2 Rb8 29. Bc3 Qe7 30. Bxe5 fxe5 31. Qe3 Rf8 32. Rxf8+ Kxf8 33. Qf3+ Ke8 34. Qg4 Kf7 35. Qf5+ Qf6 36. Qxh7+ Kf8 37. Qc7 Qxh6 38. Qxb6 g4 39. Qxa6 Qg6 40. Qc8+ Kg7 41. Qd7+ Kh8 42. Qd8+ Kg7 43. Qe7+ Kh8 44. Qf8+ Kh7 45. a5 Qe4+ 46. Kh2 Qxc4 47. Qxd6 Qe2 48. Qe7+ Kg6 49. Qe6+ Kg7 50. Qe7+ Kg6 51. Kg1 Qe1+ 52. Kg2 Qe4+ 53. Kh2 Qe2 1/2-1/2


[Site "https://www.chess.com"]

[Event "Titled Tuesday Blitz December 13 Late 2022"]
[White "Antonova, Nadezhda"]
[Black "Santos Flores, Alberto"]
[WhiteFideId "14700182"]
[BlackFideId "3601234"]
[WhiteElo "1814"]
[BlackElo "2235"]
[Result "0-1"]
[Round "03"]
[TimeControl "180+1"]
[Date "2022.12.14"]
[WhiteClock "0:00:03"]
[BlackClock "0:00:19"]

1. Nf3 d5 2. b3 Bf5 3. Bb2 Nd7 4. g3 Ngf6 5. Bg2 e6 6. O-O h6 7. d3 Be7 8. Nbd2 c6 9. c4 O-O 10. Qc2 a5 11. a3 Bh7 12. Ne5 Nxe5 13. Bxe5 Nd7 14. Bc3 Bf6 15. b4 Bxc3 16. Qxc3 Qf6 17. Qxf6 Nxf6 18. c5 Nd7 19. Nb3 axb4 20. axb4 e5 21. Na5 Rab8 22. Ra3 Bf5 23. Rfa1 Be6 24. e4 d4 25. f4 f6 26. Bf1 Rfc8 27. Be2 b6 28. cxb6 Rxb6 29. Rc1 Nb8 30. Rb1 Na6 31. Ra4 Rcb8 32. Rc1 Nxb4 33. Nc4 Bxc4 34. Rxc4 Kf7 35. Ra7+ R8b7 36. Ra5 Ke7 37. fxe5 fxe5 38. Rxe5+ Kd6 39. Rec5 Na6 40. e5+ Kc7 41. Ra5 c5 42. Kf2 Re6 0-1


[Site "https://www.chess.com"]

[Event "Titled Tuesday Blitz December 13 Late 2022"]
[White "Banzea, Alexandru-Bogdan"]
[Black "Eisa Mohmood, Alkhoori"]
[WhiteFideId "1232622"]
[BlackFideId "9316116"]
[WhiteElo "2294"]
[BlackElo "1245"]
[Result "1-0"]
[Round "03"]
[TimeControl "180+1"]
[Date "2022.12.14"]
[WhiteClock "0:01:42"]
[BlackClock "0:01:13"]

1. d4 Nf6 2. Bf4 d5 3. Nf3 c6 4. e3 Bf5 5. c4 e6 6. Qb3 Qb6 7. c5 Qxb3 8. axb3 h6 9. Nc3 Nh5 10. Bxb8 Rxb8 11. Rxa7 Be7 12. Ne5 Nf6 13. b4 Nd7 14. Nxd7 Kxd7 15. Na4 Kc7 16. Nb6 Rhe8 17. Kd2 f6 18. b5 e5 19. bxc6 exd4 20. exd4 Kxc6 21. b4 Be6 22. b5+ Kc7 23. g3 f5 24. Bg2 Red8 25. Re1 Bg5+ 26. f4 1-0


[Site "https://www.chess.com"]

[Event "Titled Tuesday Blitz December 13 Late 2022"]
[White "Bernabeu Lopez, Carlos Javier"]
[Black "Jumanov, Elbek"]
[WhiteFideId "2235366"]
[BlackFideId "14202905"]
[WhiteElo "2682"]
[BlackElo "2441"]
[Result "1-0"]
[Round "03"]
[TimeControl "180+1"]
[Date "2022.12.14"]
[WhiteClock "0:01:04"]
[BlackClock "0:00:28"]

1. c4 c5 2. Nc3 Nc6 3. g3 g6 4. Bg2 Bg7 5. Nf3 e6 6. O-O Nge7 7. d4 cxd4 8. Nb5 d5 9. cxd5 Nxd5 10. Nbxd4 Nxd4 11. Nxd4 O-O 12. e4 Nb4 13. Be3 e5 14. Nb5 Qa5 15. Nc3 Rd8 16. Nd5 Be6 17. Qd2 Bxd5 18. exd5 Qb5 19. Rfd1 f5 20. a3 Nc6 21. Bg5 Nd4 22. Bxd8 Rxd8 23. Kh1 Nb3 24. Qg5 Rd7 25. Rab1 e4 26. d6 Nd4 27. Rbc1 Ne6 28. Qd2 Qxb2 29. Qd5 Kf7 30. Rc7 1-0


[Site "https://www.chess.com"]

[Event "Titled Tuesday Blitz December 13 Late 2022"]
[White "Bernat, David"]
[Black "Joubert, Dantelle"]
[WhiteFideId "2099225"]
[BlackFideId "14310813"]
[WhiteElo "2303"]
[BlackElo "1507"]
[Result "1-0"]
[Round "03"]
[TimeControl "180+1"]
[Date "2022.12.14"]
[WhiteClock "0:00:51"]
[BlackClock "0:00:01"]

1. c4 c6 2. e4 d5 3. cxd5 cxd5 4. exd5 Nf6 5. Nc3 g6 6. Bc4 Bg7 7. d3 O-O 8. Nf3 Nbd7 9. O-O Nb6 10. Qb3 Bd7 11. a4 Nc8 12. Bf4 b6 13. Rfe1 Nd6 14. Bxd6 exd6 15. Ne4 Bf5 16. Qb4 Bg4 17. Nfd2 Ne8 18. a5 Rb8 19. a6 f5 20. Ng3 Bd4 21. h3 Bh5 22. Nxh5 gxh5 23. Nf3 Bg7 24. Bb5 Nf6 25. Re6 Rc8 26. Rxd6 Qe7 27. Re1 Qc7 28. Rc6 Qd8 29. d6 Kh8 30. Rxc8 Qxc8 31. Re7 1-0


[Site "https://www.chess.com"]

[Event "Titled Tuesday Blitz December 13 Late 2022"]
[White "Bettalli, Francesco"]
[Black "Annaberdiyev, Babageldi"]
[WhiteFideId "2816453"]
[BlackFideId "14000385"]
[WhiteElo "2448"]
[BlackElo "2685"]
[Result "1/2-1/2"]
[Round "03"]
[TimeControl "180+1"]
[Date "2022.12.14"]
[WhiteClock "0:01:14"]
[BlackClock "0:00:20"]

1. d4 e6 2. Nc3 d5 3. e4 Nf6 4. e5 Nfd7 5. Nce2 c5 6. c3 Nc6 7. f4 Be7 8. Nf3 O-O 9. Be3 a6 10. g3 b5 11. Bg2 b4 12. h4 bxc3 13. bxc3 Na5 14. Kf2 Nc4 15. Qd3 f5 16. exf6 Nxf6 17. Ne5 Nxe5 18. dxe5 Ng4+ 19. Kg1 a5 20. Qd2 Rb8 21. Bf3 Nxe5 22. Bxd5 Qxd5 23. Qxd5 exd5 24. fxe5 Rf3 25. Bf4 Bg4 26. Re1 Rb2 27. a4 Rxe2 28. Rxe2 Rxf4 29. Rd2 Rxa4 30. Kf2 Bf5 31. Ke3 Be4 32. Rf1 Rc4 33. Rb2 Rxc3+ 34. Kd2 Rd3+ 35. Ke2 h5 36. Rb7 Rxg3 37. Rxe7 Bd3+ 38. Kf2 Rg4 39. Rd1 Be4 40. Rc7 Rxh4 41. Rxc5 Rf4+ 42. Ke3 Rf5 43. Kd4 Kf7 44. Rc7+ Ke6 45. Rc6+ Ke7 46. Rdc1 Rf3 47. Rc7+ Ke6 48. R1c6+ Kf5 49. Rf7+ Kg5 50. Rxf3 Bxf3 51. Rc7 g6 52. Rf7 Bg4 53. Kxd5 h4 54. Rh7 a4 55. Kc4 h3 56. Kb4 Kf5 57. Re7 h2 58. Rh7 Kxe5 59. Rxh2 Kf4 60. Kxa4 Bf5 61. Rh6 g5 62. Rh1 g4 63. Rg1 g3 64. Kb4 Be4 65. Kc3 g2 66. Kd2 Kg3 67. Ke1 Bf3 68. Kd2 Kf2 69. Rxg2+ Bxg2 1/2-1/2


[Site "https://www.chess.com"]

[Event "Titled Tuesday Blitz December 13 Late 2022"]
[White "Bjelobrk, Igor"]
[Black "Svane, Rasmus"]
[WhiteFideId "4300726"]
[BlackFideId "4657101"]
[WhiteElo "2335"]
[BlackElo "2674"]
[Result "0-1"]
[Round "03"]
[TimeControl "180+1"]
[Date "2022.12.13"]
[WhiteClock "0:00:06"]
[BlackClock "0:00:13"]

1. Nf3 d5 2. g3 g6 3. c4 dxc4 4. Qa4+ Nc6 5. Bg2 Bg7 6. O-O Nh6 7. Qxc4 Nf5 8. e3 e5 9. d3 O-O 10. a3 Be6 11. Qc2 a5 12. Nc3 Nd6 13. Rd1 Rb8 14. b3 Qf6 15. Bb2 Bg4 16. Qe2 Qf5 17. Nd5 Rbc8 18. Rac1 Rfe8 19. Rd2 e4 20. dxe4 Nxe4 21. Bxg7 Nxd2 22. Nf6+ Kxg7 23. Nxg4 Nxf3+ 24. Bxf3 h5 25. Bxc6 bxc6 26. Qb2+ f6 27. e4 Qxg4 28. Rxc6 Re6 29. Rc3 Rxe4 30. f3 Re1+ 31. Kf2 Qd4+ 32. Kxe1 Qg1+ 33. Kd2 Rd8+ 34. Rd3 Qf2+ 35. Kc3 Qxb2+ 36. Kxb2 Rxd3 0-1


[Site "https://www.chess.com"]

[Event "Titled Tuesday Blitz December 13 Late 2022"]
[White "Blanco Acevedo, Cristobal Jose"]
[Black "Rustemov, Alexander"]
[WhiteFideId "3900525"]
[BlackFideId "4119002"]
[WhiteElo "2530"]
[BlackElo "2767"]
[Result "0-1"]
[Round "03"]
[TimeControl "180+1"]
[Date "2022.12.14"]
[WhiteClock "0:00:11"]
[BlackClock "0:00:54"]

1. c4 c5 2. Nf3 g6 3. d4 Bg7 4. Nc3 cxd4 5. Nxd4 Nc6 6. e3 Nf6 7. g3 d5 8. Nxc6 bxc6 9. Bg2 O-O 10. cxd5 Nxd5 11. Nxd5 cxd5 12. Qxd5 Rb8 13. O-O Be6 14. Qc5 a6 15. a4 Qd7 16. a5 Rfc8 17. Qa3 Qb5 18. Qxe7 Bf8 19. Qh4 Qe2 20. b4 Rxb4 21. Ba3 Rxh4 22. Bxf8 Kxf8 23. gxh4 Rc2 24. Bf3 Qxf3 25. Ra2 Rxa2 26. Ra1 Rxa1# 0-1


[Site "https://www.chess.com"]

[Event "Titled Tuesday Blitz December 13 Late 2022"]
[White "Bogaudinov, Rushan"]
[Black "Goroshkov, Maksym"]
[WhiteFideId "4129288"]
[BlackFideId "14142716"]
[WhiteElo "2405"]
[BlackElo "2620"]
[Result "1-0"]
[Round "03"]
[TimeControl "180+1"]
[Date "2022.12.14"]
[WhiteClock "0:00:14"]
[BlackClock "0:00:26"]

1. a3 a6 2. g3 g6 3. Bg2 Bg7 4. d4 d5 5. c4 dxc4 6. e3 Nf6 7. Nd2 Be6 8. Qc2 c6 9. Nxc4 O-O 10. Nf3 Nbd7 11. b4 Bxc4 12. Qxc4 a5 13. bxa5 Qxa5+ 14. Bd2 Qd5 15. Qxd5 Nxd5 16. O-O Ra4 17. Rfb1 b5 18. Ne1 N7b6 19. Nc2 e6 20. Nb4 Nc4 21. Nxd5 exd5 22. Bb4 Rfa8 23. Rc1 Bf8 24. Rab1 f5 25. h4 R4a6 26. Rb3 Nxa3 27. Bxa3 Bxa3 28. Rxc6 b4 29. Bxd5+ Kh8 30. Rxa6 Rxa6 31. Kf1 Rd6 32. Bf3 Rd8 33. g4 Kg7 34. g5 Rc8 35. Be2 Rc1+ 36. Kg2 Rc2 37. Kf3 Kf7 38. Bb5 Ke6 39. Ba4 Kd5 40. Rxa3 bxa3 41. Bxc2 Kc4 42. Bb1 Kb3 43. d5 Kb2 44. d6 Kxb1 45. d7 a2 46. d8=Q a1=Q 47. Qd1+ Kb2 48. Qxa1+ Kxa1 49. Kf4 Kb2 50. Ke5 Kc3 51. Kf6 Kd3 52. Kg7 Ke2 53. Kxh7 Kxf2 54. Kxg6 Kxe3 55. Kxf5 Kf3 56. h5 Ke3 57. h6 Kd3 58. h7 Kd4 59. h8=Q+ Kc4 60. g6 Kd5 61. g7 Kd6 62. g8=Q Kc7 63. Qd5 Kb6 64. Qb2+ Kc7 65. Qbb7# 1-0


[Site "https://www.chess.com"]

[Event "Titled Tuesday Blitz December 13 Late 2022"]
[White "Boros, Denes"]
[Black "So, Wesley"]
[WhiteFideId "722340"]
[BlackFideId "5202213"]
[WhiteElo "2464"]
[BlackElo "2763"]
[Result "1-0"]
[Round "03"]
[TimeControl "180+1"]
[Date "2022.12.13"]
[WhiteClock "0:00:54"]
[BlackClock "0:00:30"]

1. Nf3 Nf6 2. c4 e6 3. Nc3 d5 4. d4 Be7 5. Qc2 c5 6. e3 cxd4 7. Nxd4 O-O 8. Bd2 e5 9. Nf5 d4 10. Nxe7+ Qxe7 11. Nd5 Nxd5 12. cxd5 Nd7 13. Bd3 Nf6 14. e4 Bd7 15. Qb3 a5 16. Rc1 b5 17. a3 b4 18. axb4 Rfb8 19. O-O axb4 20. Ra1 Rxa1 21. Rxa1 h6 22. Ra7 Qe8 23. Qc2 Bb5 24. f3 Rc8 25. Bxb5 Rxc2 26. Bxe8 Rxd2 27. Bxf7+ Kf8 28. d6 d3 29. Be6 g5 30. Rf7+ Ke8 31. Rxf6 Rxb2 32. d7+ Ke7 33. Rf8 1-0


[Site "https://www.chess.com"]

[Event "Titled Tuesday Blitz December 13 Late 2022"]
[White "Bortnyk, Mykola"]
[Black "Kim, Sergey"]
[WhiteFideId "14120836"]
[BlackFideId "13700570"]
[WhiteElo "2582"]
[BlackElo "2607"]
[Result "0-1"]
[Round "03"]
[TimeControl "180+1"]
[Date "2022.12.13"]
[WhiteClock "0:00:01"]
[BlackClock "0:00:02"]

1. e4 e5 2. Nf3 Nc6 3. Bb5 a6 4. Ba4 Nf6 5. Qe2 b5 6. Bb3 Bc5 7. a4 Rb8 8. axb5 axb5 9. Nc3 O-O 10. Nxb5 d6 11. h3 Nh5 12. g3 Be6 13. Ba4 Ra8 14. b3 Nb4 15. Na3 Qf6 16. d3 h6 17. Be3 Bxe3 18. Qxe3 Bd7 19. Bxd7 Rxa3 20. Kd2 Rfa8 21. Rxa3 Rxa3 22. Bg4 Qg6 23. Bxh5 Qxh5 24. g4 Qg6 25. g5 h5 26. Rc1 Qe6 27. h4 g6 28. d4 exd4 29. Qxd4 c5 30. Qe3 Ra2 31. Kd1 Qg4 32. c3 Nc6 33. Rc2 Ra1+ 34. Kd2 Ne5 35. c4 Nxf3+ 36. Kc3 Nd4 37. Rd2 Qg1 38. Rb2 Rc1+ 39. Kd3 Qf1+ 40. Re2 Rd1+ 41. Kc3 Nxe2+ 42. Kb2 Nd4 0-1


[Site "https://www.chess.com"]

[Event "Titled Tuesday Blitz December 13 Late 2022"]
[White "Bortnyk, Olexandr"]
[Black "Tatarinov, Dmitry"]
[WhiteFideId "14120828"]
[BlackFideId "24160067"]
[WhiteElo "2723"]
[BlackElo "2326"]
[Result "1-0"]
[Round "03"]
[TimeControl "180+1"]
[Date "2022.12.13"]
[WhiteClock "0:00:07"]
[BlackClock "0:00:13"]

1. c4 c5 2. Nc3 g6 3. e3 Nf6 4. g4 d6 5. g5 Nfd7 6. d4 Bg7 7. h4 Nc6 8. d5 Bxc3+ 9. bxc3 Na5 10. f4 Nb6 11. h5 Rg8 12. hxg6 hxg6 13. Rh7 e6 14. e4 Qe7 15. Kf2 Bd7 16. Bd3 O-O-O 17. Qf1 Rh8 18. Rxh8 Rxh8 19. Nf3 f6 20. gxf6 Qxf6 21. e5 dxe5 22. fxe5 Qf7 23. Qg2 exd5 24. Qxg6 Qxg6 25. Bxg6 Nbxc4 26. Bg5 Nc6 27. Bf6 Rh6 28. Bf7 Bg4 29. Bxd5 N4xe5 30. Bxe5 Bxf3 31. Bf4 Bxd5 32. Bxh6 b6 33. Bf4 Kb7 34. a3 Ka6 35. Rd1 Bb3 36. Rd7 Kb5 37. Rc7 Bd5 38. Ke3 a6 39. Kd3 Na5 40. Rd7 Bc6 41. Rd6 Bg2 42. Rh6 Bf1+ 43. Kc2 Nc4 44. Kb3 Be2 45. a4+ Ka5 46. Bc7 Nd2+ 47. Kc2 Nc4 48. Rh2 Bf3 49. Rh4 Bd5 50. Kb3 Nd6+ 51. Kc2 Nc4 52. Rh6 Be4+ 53. Kb3 Bd5 54. Rh5 Bf7 55. Rxc5# 1-0


[Site "https://www.chess.com"]

[Event "Titled Tuesday Blitz December 13 Late 2022"]
[White "Boruchovsky, Avital"]
[Black "Estrada Nieto, Julian"]
[WhiteFideId "2800055"]
[BlackFideId "5101018"]
[WhiteElo "2813"]
[BlackElo "2531"]
[Result "1-0"]
[Round "03"]
[TimeControl "180+1"]
[Date "2022.12.14"]
[WhiteClock "0:01:40"]
[BlackClock "0:00:13"]

1. c4 e5 2. Nc3 Nf6 3. Nf3 Nc6 4. e3 Bb4 5. Qc2 Bxc3 6. bxc3 e4 7. Ng5 Qe7 8. f3 exf3 9. Nxf3 d6 10. Be2 O-O 11. O-O Bg4 12. h3 Bh5 13. d3 Ne5 14. Nd4 Bg6 15. e4 Nfd7 16. Rb1 b6 17. Nf5 Bxf5 18. Rxf5 g6 19. Rf2 f6 20. Bh6 Rf7 21. d4 Nc6 22. Rbf1 Re8 23. Bd3 Kh8 24. c5 bxc5 25. Bc4 cxd4 26. Bxf7 Qxf7 27. cxd4 Nxd4 28. Qxc7 Ne5 29. Qxd6 Qd7 30. Qxf6+ 1-0


[Site "https://www.chess.com"]

[Event "Titled Tuesday Blitz December 13 Late 2022"]
[White "Brown, Andrew"]
[Black "Vlassov, Nikolai"]
[WhiteFideId "3206513"]
[BlackFideId "4103360"]
[WhiteElo "2393"]
[BlackElo "2613"]
[Result "1-0"]
[Round "03"]
[TimeControl "180+1"]
[Date "2022.12.14"]
[WhiteClock "0:00:06"]
[BlackClock "0:00:05"]

1. d4 Nf6 2. c4 Nc6 3. Nf3 e6 4. g3 Bb4+ 5. Nc3 Bxc3+ 6. bxc3 O-O 7. Bg2 Rb8 8. Qc2 b6 9. O-O Ba6 10. Nd2 Na5 11. e4 Nxc4 12. Re1 Nxd2 13. Bxd2 Bb7 14. h3 c5 15. g4 Qc7 16. Qd3 Rbc8 17. Rac1 d6 18. f4 Nd7 19. f5 e5 20. d5 c4 21. Qg3 f6 22. g5 Nc5 23. Bf1 b5 24. Kh2 Qa5 25. Rc2 Qa4 26. Rb2 Qa3 27. Bc1 Qa5 28. Rg2 Rc7 29. gxf6 Rxf6 30. Bg5 Rff7 31. h4 Nd3 32. Bxd3 cxd3 33. h5 Rxc3 34. Bd2 b4 35. Reg1 Rcc7 36. Qg5 Rcd7 37. h6 Ba6 38. hxg7 Qd8 39. Qh5 Qf6 40. Bg5 Qxg7 41. Bh6 Qxg2+ 42. Rxg2+ Kh8 43. Qg5 1-0


[Site "https://www.chess.com"]

[Event "Titled Tuesday Blitz December 13 Late 2022"]
[White "Buchenau, Frank"]
[Black "Gerbelli Neto, Eduardo"]
[WhiteFideId "4604350"]
[BlackFideId "2103281"]
[WhiteElo "2157"]
[BlackElo "2178"]
[Result "1-0"]
[Round "03"]
[TimeControl "180+1"]
[Date "2022.12.14"]
[WhiteClock "0:00:05"]
[BlackClock "0:00:02"]

1. e4 e5 2. Bc4 Nf6 3. d3 Nc6 4. Nf3 Bc5 5. O-O d6 6. c3 a5 7. Na3 O-O 8. Nc2 Bg4 9. h3 Bh5 10. Re1 Qe7 11. d4 Bb6 12. Ne3 Bxf3 13. gxf3 exd4 14. Nf5 Qd7 15. Bg5 Nh5 16. f4 g6 17. cxd4 Rfe8 18. Nh6+ Kg7 19. Nxf7 Nxd4 20. Bh6+ Kf6 21. e5+ dxe5 22. fxe5+ Ke7 23. e6 Qc6 24. Ne5 Qc5 25. Qg4 Kd8 26. e7+ Rxe7 27. Bg5 Nf5 28. Rad1+ Ke8 29. Re2 Rxe5 30. Rxe5+ Qxe5 31. Kf1 Kf8 32. Re1 Qd4 33. Qe2 1-0


[Site "https://www.chess.com"]

[Event "Titled Tuesday Blitz December 13 Late 2022"]
[White "Campelo, Leandro Fabricio"]
[Black "Dudzinski, Pawel"]
[WhiteFideId "2103346"]
[BlackFideId "1117890"]
[WhiteElo "2070"]
[BlackElo "2099"]
[Result "0-1"]
[Round "03"]
[TimeControl "180+1"]
[Date "2022.12.14"]
[WhiteClock "0:00:01"]
[BlackClock "0:00:15"]

1. e4 c6 2. d4 d5 3. Nd2 dxe4 4. Nxe4 Nf6 5. Nxf6+ exf6 6. c3 Bd6 7. Bd3 O-O 8. Qc2 h5 9. Bd2 Re8+ 10. Ne2 Qc7 11. O-O-O Be6 12. c4 Nd7 13. Kb1 Nf8 14. Ng3 h4 15. Nf5 Bxf5 16. Bxf5 Bf4 17. g3 Bxd2 18. Qxd2 g6 19. Bc2 Kg7 20. f4 f5 21. g4 Ne6 22. gxf5 Nxf4 23. fxg6 Re2 24. Qc3 fxg6 25. d5+ Qe5 26. Qf3 Rf8 27. Rhg1 Rxc2 28. Kxc2 Ne2 29. Qd3 Nxg1 30. Rxg1 Rf2+ 31. Kd1 g5 32. Re1 Qxb2 33. Re7+ Kf8 0-1


[Site "https://www.chess.com"]

[Event "Titled Tuesday Blitz December 13 Late 2022"]
[White "Castillo Pena, Patricia Evarista"]
[Black "Sukandar, Irine Kharisma"]
[WhiteFideId "6412106"]
[BlackFideId "7101937"]
[WhiteElo "1919"]
[BlackElo "2301"]
[Result "0-1"]
[Round "03"]
[TimeControl "180+1"]
[Date "2022.12.14"]
[WhiteClock "0:00:54"]
[BlackClock "0:01:55"]

1. d4 Nf6 2. Nf3 d5 3. e3 g6 4. b3 Bg7 5. Bb2 O-O 6. Nbd2 c5 7. Be2 Nc6 8. a3 Ne4 9. O-O Bg4 10. h3 Nxd2 11. Qxd2 Bxf3 12. Bxf3 cxd4 13. e4 dxe4 14. Bxe4 Rc8 15. Rfd1 Qc7 16. Rac1 Rfd8 17. Ba1 e5 18. g4 Qe7 19. b4 Qh4 20. Bg2 Bh6 21. Qe2 Bxc1 22. Rxc1 d3 23. cxd3 Nd4 24. Qd1 Rxc1 0-1


[Site "https://www.chess.com"]

[Event "Titled Tuesday Blitz December 13 Late 2022"]
[White "Chigaev, Maksim"]
[Black "Mendez Fortes, Eduardo Jesus"]
[WhiteFideId "4108116"]
[BlackFideId "3502376"]
[WhiteElo "2542"]
[BlackElo "2307"]
[Result "1-0"]
[Round "03"]
[TimeControl "180+1"]
[Date "2022.12.13"]
[WhiteClock "0:01:39"]
[BlackClock "0:01:35"]

1. Nf3 d5 2. d4 Nf6 3. c4 e6 4. g3 dxc4 5. Bg2 a6 6. a4 Nc6 7. O-O Na5 8. Nbd2 c6 9. Ne5 Qxd4 10. Ndxc4 Qxd1 11. Rxd1 Nxc4 12. Nxc4 Nd7 13. Bf4 f6 14. Bc7 Be7 15. a5 O-O 16. h4 e5 17. Rac1 Bc5 18. Bh3 Nb6 19. Bxb6 Bxb6 20. Bxc8 Bxf2+ 21. Kxf2 Raxc8 22. Rd7 Rcd8 23. Rcd1 1-0


[Site "https://www.chess.com"]

[Event "Titled Tuesday Blitz December 13 Late 2022"]
[White "Crevatin, Leo"]
[Black "Holt, Conrad"]
[WhiteFideId "1726307"]
[BlackFideId "2034387"]
[WhiteElo "2190"]
[BlackElo "2592"]
[Result "1/2-1/2"]
[Round "03"]
[TimeControl "180+1"]
[Date "2022.12.13"]
[WhiteClock "0:00:05"]
[BlackClock "0:00:05"]

1. d4 d5 2. Bf4 c5 3. e3 Nc6 4. Nf3 Nf6 5. Nbd2 e6 6. c3 Be7 7. Bd3 Nh5 8. Be5 cxd4 9. exd4 Nxe5 10. Nxe5 Nf4 11. Bb5+ Kf8 12. Qf3 g5 13. g3 f6 14. gxf4 fxe5 15. fxe5+ Kg7 16. Nf1 Rf8 17. Qe2 Bd7 18. Bxd7 Qxd7 19. Ng3 Kh8 20. Rd1 b5 21. Rd3 b4 22. O-O Rf4 23. cxb4 Bxb4 24. Rc1 Raf8 25. f3 Qf7 26. Rf1 h5 27. Qg2 Qg6 28. Rdd1 Kh7 29. Ne2 R4f7 30. Kh1 Be7 31. Rc1 Qd3 32. Rc3 Qb5 33. Rc2 g4 34. f4 a5 35. Rfc1 Bg5 36. Rc7 Bh6 37. b3 a4 38. bxa4 Qxa4 39. h3 Qa5 40. Rxf7+ Rxf7 41. hxg4 hxg4 42. Qxg4 Qd2 43. Rg1 Rg7 44. Qh5 Rxg1+ 45. Nxg1 Qxf4 46. Nf3 Qe4 47. Kg2 Kg7 48. Kg3 Bf4+ 49. Kg2 Qe2+ 50. Kh3 Qf1+ 51. Kg4 Bh6 52. Qh3 Qd3 53. Qg2 Qf5+ 54. Kg3 Kf8 55. Kf2 Bf4 56. Qh1 Qc2+ 57. Kf1 Qb1+ 58. Kg2 Qxa2+ 59. Kh3 Qa7 60. Qg2 Qh7+ 61. Kg4 Qf5+ 62. Kh4 Be3 63. Qg4 Qh7+ 64. Qh5 Qe4+ 65. Qg4 Ke7 66. Kg3 Qh7 67. Qh4+ Qxh4+ 68. Kxh4 Kf7 69. Kh5 Ke7 70. Kg6 Bf2 71. Kg5 Be3+ 72. Kg6 Bf2 73. Kg5 Be3+ 74. Kg6 1/2-1/2


[Site "https://www.chess.com"]

[Event "Titled Tuesday Blitz December 13 Late 2022"]
[White "D`Arruda, Ricardo D."]
[Black "Bulgurlu, Okan"]
[WhiteFideId "100692"]
[BlackFideId "6352316"]
[WhiteElo "2423"]
[BlackElo "2220"]
[Result "1/2-1/2"]
[Round "03"]
[TimeControl "180+1"]
[Date "2022.12.14"]
[WhiteClock "0:00:57"]
[BlackClock "0:01:34"]

1. d4 d5 2. Nf3 Nf6 3. c4 e6 4. Nc3 Be7 5. Bf4 O-O 6. e3 b6 7. Qc2 dxc4 8. Bxc4 Bb7 9. O-O c5 10. Rfd1 Nbd7 11. d5 exd5 12. Nxd5 Nxd5 13. Bxd5 Qc8 14. e4 Nf6 15. Bxb7 Qxb7 16. e5 Nd5 17. Qe4 Rad8 18. Bg5 Rfe8 19. Rd2 h6 20. Bxe7 Rxe7 21. Rad1 Red7 22. e6 fxe6 23. Qxe6+ Kh8 24. Ne5 Nf4 25. Ng6+ Kh7 26. Nxf4 Rxd2 27. Rxd2 Rxd2 28. Qg6+ Kg8 29. Qe8+ Kh7 30. Qg6+ Kg8 31. Qe8+ Kh7 32. Qg6+ 1/2-1/2


[Site "https://www.chess.com"]

[Event "Titled Tuesday Blitz December 13 Late 2022"]
[White "De Souza, Cristiano Gomes"]
[Black "Cruz, William Ferreira Da"]
[WhiteFideId "2151758"]
[BlackFideId "2118050"]
[WhiteElo "2068"]
[BlackElo "2223"]
[Result "1-0"]
[Round "03"]
[TimeControl "180+1"]
[Date "2022.12.14"]
[WhiteClock "0:00:19"]
[BlackClock "0:00:02"]

1. d4 Nf6 2. c4 g6 3. Nc3 Bg7 4. Bf4 d6 5. e3 O-O 6. h3 Nbd7 7. Nf3 b6 8. Rc1 Bb7 9. b4 a5 10. b5 e6 11. Be2 Qe7 12. O-O e5 13. Bh2 h6 14. Re1 Rad8 15. Nd2 Rfe8 16. Bf3 Bxf3 17. Nxf3 e4 18. Nd2 Nf8 19. Nb3 Ne6 20. Nd5 Qd7 21. a4 Ng5 22. Nxf6+ Bxf6 23. Re2 Qf5 24. Rd2 Be7 25. Qg4 Qxg4 26. hxg4 Kg7 27. Rdc2 Nh7 28. f3 Nf6 29. c5 dxc5 30. dxc5 exf3 31. gxf3 Bxc5 32. Nxc5 bxc5 33. Kf2 Rd3 34. e4 Ra3 35. Rxc5 Rxa4 36. Rxc7 Ra2+ 37. R1c2 Rxc2+ 38. Rxc2 Nd7 39. Bc7 Ra8 40. b6 a4 41. Rd2 Nxb6 42. Bxb6 a3 43. Bd4+ Kf8 44. Ra2 Ke8 45. Bc5 Rc8 46. Bxa3 Ra8 47. Ke3 Kd7 48. Kd4 Ke6 49. f4 f5 50. gxf5+ gxf5 51. e5 Ra4+ 52. Kc5 Rxf4 53. Bb2 Re4 54. Ra6+ Kf7 55. Rxh6 f4 56. Rf6+ Ke7 57. Kd5 Rb4 58. Bd4 f3 59. Rxf3 Rb5+ 60. Ke4 Rb4 61. Rf6 Rb1 62. Rd6 Re1+ 63. Kd5 Rb1 64. Rc6 Rb5+ 65. Bc5+ Kd7 66. Rd6+ Ke8 67. Rf6 Rb7 68. e6 Ra7 69. Rf8# 1-0


[Site "https://www.chess.com"]

[Event "Titled Tuesday Blitz December 13 Late 2022"]
[White "Di Berardino, Diego Rafael"]
[Black "Jacobson, Brandon"]
[WhiteFideId "2105446"]
[BlackFideId "30901561"]
[WhiteElo "2441"]
[BlackElo "2451"]
[Result "1-0"]
[Round "03"]
[TimeControl "180+1"]
[Date "2022.12.13"]
[WhiteClock "0:00:07"]
[BlackClock "0:00:05"]

1. e4 c5 2. Nf3 d6 3. d4 cxd4 4. Nxd4 Nf6 5. Nc3 Nc6 6. Bc4 Qb6 7. Nb3 e6 8. Bf4 Ne5 9. Be2 Be7 10. Be3 Qc7 11. f4 Nc4 12. Bxc4 Qxc4 13. Qf3 Bd7 14. O-O-O h5 15. e5 dxe5 16. fxe5 Bc6 17. Qg3 h4 18. Qxg7 Rh7 19. exf6 Rxg7 20. fxg7 Qg4 21. Bd4 Bg5+ 22. Kb1 Bh6 23. h3 Qg6 24. Rhe1 O-O-O 25. Bxa7 Bxg7 26. Bb6 Rh8 27. Rd2 Bh6 28. Rd3 Bf4 29. Red1 Bc7 30. Bxc7 Kxc7 31. Nd4 Qxg2 32. Nxc6 Qxc6 33. Ne2 Kb8 34. Nd4 Qe4 35. a3 Rg8 36. Nb5 Rc8 37. Nd6 Qg2 38. Nxc8 Kxc8 39. R1d2 Qh1+ 40. Rd1 Qg2 41. Rd8+ Kc7 42. R8d7+ Kb6 43. Rxf7 Qxh3 44. Rdd7 Qh1+ 45. Ka2 h3 46. Rf2 h2 47. Rdd2 Qc6 48. Rxh2 Qc4+ 49. b3 Qf4 50. a4 e5 51. Rhe2 e4 52. Rd4 Qf3 53. Rdxe4 Qc3 54. Re6+ Ka7 55. R6e3 Qd4 56. Re4 Qc5 57. Re7 Qc3 58. Kb1 Ka6 59. R2e6+ Ka7 60. Rd6 Qc5 61. Rdd7 Qg1+ 62. Kb2 Ka6 63. Rxb7 Qd4+ 64. Ka2 Qc3 65. Rbc7 Qd2 66. Re6+ Ka5 67. Rc5+ Kb4 68. Rb5+ Kc3 69. Rc6+ Kd4 70. Rd6+ 1-0


[Site "https://www.chess.com"]

[Event "Titled Tuesday Blitz December 13 Late 2022"]
[White "Dimitrov, Atanas"]
[Black "Kanyamarala, Tarun"]
[WhiteFideId "2901315"]
[BlackFideId "45004714"]
[WhiteElo "2642"]
[BlackElo "2415"]
[Result "0-1"]
[Round "03"]
[TimeControl "180+1"]
[Date "2022.12.14"]
[WhiteClock "0:01:05"]
[BlackClock "0:01:14"]

1. e4 c6 2. d4 d5 3. Nd2 dxe4 4. Nxe4 Nf6 5. Nxf6+ exf6 6. Nf3 Bd6 7. Bd3 Bg4 8. h3 Bh5 9. O-O O-O 10. Re1 Nd7 11. c4 Bb8 12. Be3 Qc7 13. g3 a5 14. Be2 Ba7 15. Nh4 Bg6 16. Bd3 Rad8 17. Nf5 Bxf5 18. Bxf5 Ne5 19. Rc1 Bxd4 20. Qe2 g6 21. Bb1 Rfe8 22. Bxd4 Rxd4 23. f4 Qb6 24. c5 Qb4 25. fxe5 Rxe5 26. Qf2 Rd2 27. Qf4 Qxb2 28. Qf3 Ree2 29. Be4 Qd4+ 30. Kh1 Rh2# 0-1


[Site "https://www.chess.com"]